 Dungeon Crawl Stone Soup version 0.30-a0-50-gb2d611f6b1 (webtiles) character file.

Game seed: 1234982139967882958

8511 Destapler the Cruncher (level 11, -50/175 HPs)
             Began as a Troll Berserker on Sept 3, 2022.
             Was a High Priest of Trog.
             Annihilated by an orc warlord
             ... wielding a +6 battleaxe
              (55 damage)
             ... in a bailey.
             The game lasted 00:22:47 (8604 turns).

Destapler the Cruncher (Troll Berserker)            Turns: 8604, Time: 00:22:48

Health: -50/175    AC: 12    Str: 29    XL:     11   Next: 10%
Magic:  10/10      EV: 10    Int: 10    God:    Trog [*****.]
Gold:   648        SH:  0    Dex: 17    Spells: 10/10 levels left

rFire   + . .      SeeInvis +    a - +7 quarterstaff of the Unseen Realm {drain, rC+ Will+ Int+7}
rCold   + . .      Faith    .    (shield currently unavailable)
rNeg    + + .      Spirit   .    A - +0 acid dragon scales
rPois   .          Reflect  .    (helmet restricted)
rElec   .          Harm     .    z - scarf {shadows}
rCorr   +          Rampage  .    (gloves unavailable)
Will    +....                    (boots unavailable)
Stlth   ..........               (no amulet)
HPRegen 1.19/turn                I - ring "Gouceric" {rF+ rN++ Dex+6 SInv}
MPRegen 0.12/turn                C - +4 ring of protection

@: berserking, very quick
A: large, unfitting armour, claws 3, regeneration 1, shaggy fur 1, tough skin 1
a: Renounce Religion, Berserk, Trog's Hand, Brothers in Arms


You were in a bailey.
You worshipped Trog.
Trog was extremely pleased with you.
You visited 1 branch of the dungeon, and saw 10 of its levels.
You also visited: Bailey.

You collected 720 gold pieces.
You spent 72 gold pieces at shops.

Inventory:

Hand Weapons
 a - the +7 quarterstaff of the Unseen Realm (weapon) {drain, rC+ Will+ Int+7}
   (You found it on level 3 of the Dungeon)

   A truly terrible weapon, it drains the life of any living foe it strikes.
   Int:       It affects your intelligence (+7).
   rC:        It protects you from cold.
   Will:      It increases your willpower.
 O - a +3 falchion of draining
Missiles
 d - 33 poisoned darts
 D - 5 javelins
 E - a curare-tipped dart
 F - 61 stones (quivered)
 M - 10 boomerangs
Armour
 z - a scarf of shadows (worn)
 A - +0 acid dragon scales (worn)
Jewellery
 u - a ring of protection from fire
 y - a +6 ring of intelligence
 C - a +4 ring of protection (right claw)
 I - the ring "Gouceric" (left claw) {rF+ rN++ Dex+6 SInv}
   (You found it on level 8 of the Dungeon)

   [ring of dexterity]

   Dex:       It affects your dexterity (+6).
   rF:        It protects you from fire.
   rN:        It greatly protects you from negative energy.
   SInv:      It lets you see invisible.
Wands
 k - a wand of iceblast (19)
 q - a wand of acid (7)
 B - a wand of digging (6)
 G - a wand of polymorph (6)
 J - a wand of flame (18)
Scrolls
 f - 3 scrolls of teleportation
 g - a scroll of blinking
 j - a scroll of summoning {unknown}
 l - a scroll of butterflies
 p - 2 scrolls of amnesia {unknown}
 r - 3 scrolls of poison {unknown}
 t - 4 scrolls of immolation {unknown}
 w - a scroll of torment {unknown}
 K - a scroll of silence
 L - 4 scrolls of enchant weapon {unknown}
 N - a scroll of magic mapping
 P - a scroll of enchant armour {unknown}
Potions
 b - 3 potions of might
 c - 3 potions of curing
 e - 5 potions of ambrosia
 h - 3 potions of invisibility
 i - 6 potions of attraction
 m - a potion of brilliance
 n - a potion of lignification
 o - 3 potions of flight
 s - 3 potions of resistance
 v - 2 potions of haste
 x - 2 potions of mutation {unknown}
 H - a potion of cancellation
 Q - a potion of heal wounds {unknown}


   Skills:
 + Level 10.0 Fighting
 + Level 10.0 Staves
 + Level 2.0 Throwing
 + Level 2.0 Armour
 + Level 3.0 Dodging
 + Level 2.0 Shields
 - Level 3.0 Unarmed Combat
 + Level 1.1 Evocations


You had 10 spell levels left.
You didn't know any spells.
Your spell library contained the following spells:

 Spells                   Type           Power      Damage    Failure   Level
 Sting                    Tmut/Pois      0%         1d3       41%         1
 Summon Small Mammal      Summ           0%         N/A       41%         1
 Poisonous Vapours        Pois/Air       0%         N/A       56%         2
 Call Canine Familiar     Summ           0%         N/A       80%         3
 Summon Guardian Golem    Hex/Summ       0%         N/A       80%         3
 Airstrike                Air            0%         2d(0-16)  99%         4
 Corpse Rot               Necr/Pois/Air  0%         N/A       99%         4
 Olgreb's Toxic Radiance  Pois           0%         N/A       99%         4
 Summon Lightning Spire   Summ/Air       0%         N/A       99%         4
 Lightning Bolt           Conj/Air       0%         1d11      100%        5


Dungeon Overview and Level Annotations

Branches:
Dungeon (10/15)            Temple (0/1) D:5            Lair (0/5) D:10
    Orc (0/2) D:9          Bailey (1/1)

Altars:
Cheibriados
Elyvilon
Gozag
Makhleb
Okawaru
Qazlal
Sif Muna
Wu Jian
Yredelemnul

Shops:
D:6 ?   D:9 (

Annotations:
D:7 1 transporter
D:10 1 transporter


Innate Abilities, Weirdness & Mutations

You are too large for most types of armour.
You have claws for hands.
Your natural rate of healing is unusually fast.
You are covered in fur. (AC +1)
You have tough skin. (AC +1)


Message History

The orc warlord is moderately wounded.
The bolt of acid hits the orc knight!
The orc knight is lightly wounded.
The orc knight roars a battlecry!
The orc warlord goes into a battle-frenzy!
The orc warrior hits you with a +0 war axe!
A red film seems to cover your vision as you go berserk!
You feel yourself moving faster!
You feel mighty!
The orc warrior hits you with a +0 war axe!!
You thump the orc warrior!
The orc warrior is almost dead.
The orc warrior hits you with a +0 war axe!
The orc warlord hits you with a +6 battleaxe!!!
* * * LOW HITPOINT WARNING * * *
The orc warrior misses you.
You barely miss the orc warrior.
The orc warrior is almost dead.
Unknown command.
You bludgeon the orc warrior!!
You kill the orc warrior!
Trog accepts your kill. The orc warrior closely misses you.
The orc warlord hits you with a +6 battleaxe!
* * * LOW HITPOINT WARNING * * *
You bludgeon the orc warlord!! You drain the orc warlord.
The orc warlord is heavily wounded.
You bludgeon the orc warlord!!
The orc warlord is severely wounded.
The orc warrior misses you.
The orc warlord hits you with a +6 battleaxe!!!
* * * LOW HITPOINT WARNING * * *
You barely miss the orc warlord.
The orc warlord is severely wounded.
Unknown command.
You barely miss the orc warlord.
The orc warlord is severely wounded.
The orc knight no longer looks unusually strong.
The orc warrior completely misses you.
The orc warlord hits you with a +6 battleaxe!!!
You die...

##.)...##.........##.)...##
#.......#.........#..))...#
##.......##.......##.......##
#.........#..)....#.........#
##.........###)).###..)).....#
#.....⌠.....###'###...))⌠.....#
##.........##88o88##.........##
#......)..#..oo...#..)......#
##.....).##..o@...##.......##
#.....).'.........))......#
##.....##.........##.....##
#######.....⌠.....#######
##.........## #.........#
##.......## #.......# ##..∩..##


You could see an orc warlord (strong, corroded, drained), an orc knight and 2
orc warriors.

Vanquished Creatures
  The ghost of xoxolimbo the Destroyer, a novice DsFE of Vehumet (D:9)
  Pikel (D:8)
  Maurice (D:8)
  A gargoyle (D:9)
  The ghost of vilexx the Changer, a novice OpTm of Gozag (D:5)
  A hornet (D:9)
  Prince Ribbit (D:5)
  5 yaks (D:9)
  A wyvern (D:9)
  Grum (D:9)
  4 wargs (D:9)
  An acid dragon (D:8)
  A water moccasin (D:7)
  Duvessa (D:5)
  10 orc warriors (Bailey)
  A sky beast (D:6)
  An ice beast (D:6)
  3 black bears
  A centaur (D:6)
  2 ogres
  2 wolves (D:9)
  2 lemures (D:8)
  2 kobold brigands
  5 bullfrogs
  Blork the orc (D:6)
  A gnoll sergeant (D:8)
  4 scorpions
  4 necrophages
  3 wights (D:8)
  Dowan (D:5)
  3 howler monkeys
  6 hounds
  4 jellies
  6 orc priests
  3 iguanas (D:4)
  A gnoll bouda (D:8)
  8 orc wizards
  A mummy (D:8)
  15 gnolls
  5 adders
  2 shadow imps
  An ufetubus (D:5)
  A worm (D:2)
  5 dart slugs
  38 orcs
  6 ball pythons
  6 bats
  5 endoplasms
  4 giant cockroaches
  18 hobgoblins
  14 kobolds
  4 quokkas
  6 frilled lizards
  21 goblins
  A hobgoblin zombie (D:8)
  3 orc zombies (D:8)
  5 rats
256 creatures vanquished.

Notes
Turn   | Place    | Note
-------+----------+-------------------------------------------
     0 | D:1      | Destapler the Troll Berserker began the quest for the Orb.
     0 | D:1      | Reached XP level 1. HP: 22/22 MP: 0/0
   249 | D:1      | Reached XP level 2. HP: 29/29 MP: 1/1
   824 | D:1      | Reached XP level 3. HP: 36/36 MP: 2/2
   908 | D:2      | Found a faded altar of an unknown god.
  1020 | D:2      | Reached ** piety under Trog
  1200 | D:2      | Reached skill level 1 in Shields
  1525 | D:3      | Identified the +7 quarterstaff of the Unseen Realm {drain,
                  | rC+ Will+ Int+7}
  1610 | D:3      | Reached skill level 1 in Armour
  1648 | D:3      | Noticed a black bear
  1649 | D:3      | Found an iron altar of Okawaru.
  1654 | D:3      | Killed a black bear
  1655 | D:3      | Reached skill level 1 in Staves
  1655 | D:3      | Reached skill level 1 in Throwing
  1655 | D:3      | Reached skill level 1 in Evocations
  1655 | D:3      | Reached XP level 4. HP: 45/45 MP: 3/3
  1655 | D:3      | Reached XP level 5. HP: 53/53 MP: 4/4
  1707 | D:3      | Found a white marble altar of Elyvilon.
  2440 | D:4      | Found a basalt altar of Yredelemnul.
  2522 | D:4      | Reached XP level 6. HP: 61/61 MP: 5/5
  3420 | D:5      | Entered Level 5 of the Dungeon
  3461 | D:5      | Reached *** piety under Trog
  3512 | D:5      | Noticed Prince Ribbit
  3522 | D:5      | Killed Prince Ribbit
  3523 | D:5      | Reached XP level 7. HP: 70/70 MP: 6/6
  3648 | D:5      | Found a staircase to the Ecumenical Temple.
  3819 | D:5      | Noticed Duvessa
  3819 | D:5      | Noticed Dowan
  3824 | D:5      | Killed Dowan
  3829 | D:5      | Killed Duvessa
  3830 | D:5      | Reached skill level 5 in Staves
  3830 | D:5      | Reached XP level 8. HP: 78/78 MP: 7/7
  3915 | D:6      | Noticed Blork the orc
  3957 | D:5      | Found a runed translucent gate.
  3958 | D:5      | Found a runed translucent gate.
  3959 | D:5      | Found a runed translucent gate.
  3959 | D:5      | Noticed vilexx's ghost (novice OpTm)
  4123 | D:5      | Killed vilexx's ghost
  4235 | D:6      | Killed Blork the orc
  4278 | D:6      | Found an ornate altar of the Wu Jian Council.
  4328 | D:6      | Reached skill level 5 in Fighting
  4610 | D:6      | Reached XP level 9. HP: 88/88 MP: 8/8
  5072 | D:6      | Found Bunnot's Magic Scroll Emporium.
  5092 | D:6      | Bought a scroll of identify for 24 gold pieces
  5092 | D:6      | Bought a scroll of identify for 24 gold pieces
  5092 | D:6      | Bought a scroll of identify for 24 gold pieces
  5443 | D:8      | Reached **** piety under Trog
  5950 | D:7      | Found an opulent altar of Gozag.
  5976 | D:7      | Found a transporter.
  6004 | D:7      | Found a snail-covered altar of Cheibriados.
  6679 | D:8      | Noticed Pikel
  6710 | D:8      | Killed Pikel
  6768 | D:8      | Identified the ring "Gouceric" {rF+ rN++ Dex+6 SInv}
  6839 | D:8      | Found a shimmering blue altar of Sif Muna.
  6839 | D:8      | Found a stormy altar of Qazlal.
  6896 | D:8      | Reached XP level 10. HP: 95/102 MP: 9/9
  6921 | D:8      | Noticed Maurice
  6936 | D:8      | Killed Maurice
  7522 | D:9      | Noticed Grum
  7529 | D:9      | Killed Grum
  7730 | D:9      | Found Ujemomej's Weapon Shoppe.
  7765 | D:9      | Found a runed translucent door.
  7768 | D:9      | Noticed xoxolimbo's ghost (novice DsFE)
  7787 | D:9      | Noticed a gargoyle
  7797 | D:9      | Killed a gargoyle
  7941 | D:9      | Reached skill level 10 in Staves
  7977 | D:9      | Found a staircase to the Orcish Mines.
  8219 | D:9      | Killed xoxolimbo's ghost
  8244 | D:10     | Entered Level 10 of the Dungeon
  8244 | D:10     | Found a transporter.
  8244 | D:10     | Found a transporter.
  8280 | D:10     | Found a burning altar of Makhleb.
  8302 | D:10     | Found a flagged portal.
  8327 | Bailey   | Entered a bailey
  8415 | Bailey   | Reached XP level 11. HP: 104/117 MP: 10/10
  8435 | Bailey   | Reached ***** piety under Trog
  8520 | Bailey   | Received a gift from Trog
  8538 | Bailey   | Reached skill level 10 in Fighting
  8587 | Bailey   | Noticed an orc warlord
  8591 | Bailey   | Noticed an orc knight
  8602 | Bailey   | HP: 3/175 [orc warlord/+6 battleaxe (47)]
  8604 | Bailey   | Annihilated by an orc warlord

Illustrated notes

Levels and vault maps discovered:
D:1:      moated_graveyard_arrival, layout_loops_corners
D:2:      layout_rooms, nicolae_ecumenical_oubliette
D:3:      layout_loops_ring, mainiacjoe_overflow_six_doors_small,
          okawaru_ov_weapons_minmay
D:4:      layout_layer_cave, mainiacjoe_overflow_paths
D:5:      dreamdust_elfheim, layout_rooms, minmay_temple_entry_ruins,
          biasface_ghost_orc_armoury, st_stairs_2, uniq_prince_ribbit1
D:6:      layout_basic, general_overflow_altar, small_statue_intersection,
          kennysheep_small_circle, uniq_blork_the_orc
D:7:      gammafunk_wand_slinger, layout_loops_ring, cheibriados_altar_1,
          nicolae_gozag_seed_capital
D:8:      layout_basic, gammafunk_temple_overflow_statue, minmay_mini_ossuary,
          uniq_pikel, uniq_maurice
D:9:      layout_loops_ring, minmay_orc_entry_guard_dogs,
          hellmonk_ghost_happy_afterlife, serial_shops, nicolae_shop_crystal,
          kennysheep_generic_room_9, uniq_grum
D:10:     layout_roguey, fedhas_altar_1, minitemple, bloody_makhleb,
          erik_lair_island, enter_bailey_5, nicolae_diode_stairs
Bailey:   bailey_axe_minmay_hex_keep, bailey

Skill      XL: |  1  2  3  4  5  6  7  8  9 10 11 |
---------------+----------------------------------+-----
Shields        | 1 2 |  2.0
Armour         | 1 2 |  2.0
Fighting       | 3 4 5 7 9 10 | 10.0
Staves         | 1 3 5 7 8 10 | 10.0
Throwing       | 1 2 |  2.0
Evocations     | 1 |  1.1
Dodging        | 3 |  3.0
Unarmed Combat | |  3.0

Action                   |  1- 3 |  4- 6 |  7- 9 | 10-12 || total
-------------------------+-------+-------+-------+-------++-------
Melee: Unarmed           |    86 |       |       |       ||    86
       Punch             |     1 |       |       |       ||     1
       Quarterstaff      |    16 |    83 |   216 |   229 ||   544
Throw: Dart              |       |       |     5 |       ||     5
       Stone             |       |       |       |    15 ||    15
       Boomerang         |       |       |       |     4 ||     4
Invok: Berserk           |     1 |     1 |     9 |     7 ||    18
       Trog's Hand       |       |       |     2 |     1 ||     3
Evoke: Wand              |       |       |     1 |     5 ||     6
  Use: Scroll            |       |     5 |     8 |     7 ||    20
       Potion            |       |       |     1 |       ||     1
 Stab: Sleeping          |     1 |     2 |       |       ||     3
       Distracted        |       |       |       |     1 ||     1
Armor: Animal skin       |    43 |    19 |    42 |       ||   104
       Acid dragon scale |       |       |    14 |    76 ||    90
Dodge: Dodged            |    77 |    44 |    91 |   100 ||   312

Table legend: (Time is in decaauts)
 A = Elapsed time spent in this place.
 B = Non-inter-level travel time spent in this place.
 C = Inter-level travel time spent in this place.
 D = Time resting spent in this place.
 E = Time spent auto-exploring this place.
 F = Levels seen in this place.
 G = Mean time per level.
                   A        B        C        D        E       F      G
               +--------+--------+--------+--------+--------+-----+--------+
         Total |   8743 |   7866 |    877 |    375 |   5984 |  11 |  794.8 |
       Dungeon |   8461 |   7584 |    877 |    372 |   5832 |  10 |  846.1 |
        Bailey |    281 |    281 |      0 |      2 |    152 |   1 |  281.0 |
               +--------+--------+--------+--------+--------+-----+--------+

Top non-repeatable levels by time:
     D:4: 1449 daAuts
     D:6: 1197 daAuts
     D:1: 1001 daAuts
     D:8: 997 daAuts
     D:3: 946 daAuts
     D:9: 840 daAuts
     D:5: 805 daAuts
     D:2: 728 daAuts
     D:7: 409 daAuts
  Bailey: 281 daAuts
    D:10: 84 daAuts
